 Dungeon Crawl Stone Soup version 0.29-a0-214-g17f627cfee (webtiles) character file.

Game seed: 17483731841610325302

144 enile the Skirmisher (level 5, -4/46 HPs)
             Began as a Formicid Fighter on Feb 25, 2022.
             Was a Believer of Cheibriados.
             Slain by Edmund
             ... wielding a +3 dire flail of protection
              (8 damage)
             ... on level 4 of the Dungeon.
             The game lasted 00:03:41 (2789 turns).

enile the Skirmisher (Formicid Fighter)             Turns: 2789, Time: 00:03:42

Health: -4/46      AC:  6    Str: 26    XL:     5   Next: 51%
Magic:  6/6        EV:  9    Int: 14    God:    Cheibriados [**....]
Gold:   67         SH:  5    Dex: 18    Spells: 4/4 levels left

rFire   . . .      SeeInvis +   a - +0 quarterstaff
rCold   . . .      Faith    .   c - +0 buckler
rNeg    . . .      Spirit   .   b - +0 scale mail
rPois   .          Reflect  .   (helmet unavailable)
rElec   .          Harm     .   (no cloak)
rCorr   .          Rampage  .   (no gloves)
Will    .....                   (no boots)
Stlth   ..........              (no amulet)
HPRegen 0.15/turn               (no ring)
MPRegen 0.10/turn               (no ring)

@: attractive, very slow
A: permanent stasis, dig shafts and tunnels, antennae 3, four strong arms
a: Dig, Shaft Self, Renounce Religion, Bend Time


You were on level 4 of the Dungeon.
You worshipped Cheibriados.
Cheibriados was pleased with you.
You visited 1 branch of the dungeon, and saw 4 of its levels.

You collected 67 gold pieces.

Inventory:

Hand Weapons
 a - a +0 quarterstaff (weapon)
Missiles
 l - 4 boomerangs (quivered)
Armour
 b - a +0 scale mail (worn)
 c - a +0 buckler (worn)
Scrolls
 e - a scroll of blinking {unknown}
 f - 2 scrolls of identify {unknown}
 h - a scroll of enchant weapon {unknown}
 k - a scroll of immolation {unknown}
 m - 3 scrolls of magic mapping {unknown}
 p - a scroll of amnesia {unknown}
Potions
 d - 2 potions of might
 i - a potion of attraction
 o - 2 potions of haste
 q - a potion of heal wounds {unknown}


   Skills:
 - Level 6.0 Fighting
 - Level 2.0 Staves
 - Level 3.2 Armour
 - Level 3.6 Shields
 + Level 2.1 Invocations


You had 4 spell levels left.
You didn't know any spells.
Your spell library contained the following spells:

 Spells                   Type           Power      Damage    Failure   Level
 Inner Flame              Hex/Fire       0%         N/A       94%         3
 Cause Fear               Hex            0%         N/A       100%        4
 Discord                  Hex            0%         N/A       100%        8


Dungeon Overview and Level Annotations

Branches:
Dungeon (4/15)             Temple (0/1) D:4

Altars:
Cheibriados
Makhleb
Ru

Annotations:
D:1 1 runed translucent door
D:4 Edmund


Innate Abilities, Weirdness & Mutations

You cannot be hasted, slowed, berserked, paralysed or teleported.
You can dig through walls and to a lower floor.
You have a pair of large antennae on your head. (SInv)
Your four strong arms can wield two-handed weapons with a shield.


Message History

Your kobold hits Edmund but does no damage.
Edmund closely misses you.
You hit Edmund.
Edmund is lightly wounded.
Your kobold barely misses Edmund.
Edmund hits you with a +3 dire flail of protection!
You hit Edmund but do no damage.
Edmund is lightly wounded.
Your kobold completely misses Edmund.
Edmund completely misses you.
You sock Edmund!
Edmund is moderately wounded.
Your kobold hits Edmund but does no damage.
You block Edmund's attack.
Your kobold closely misses Edmund.
You hit Edmund but do no damage.
Edmund is moderately wounded.
You hear the rusting of a very distant drain.
Edmund hits you with a +3 dire flail of protection!
Your kobold barely misses Edmund.
You hit Edmund but do no damage.
Edmund is moderately wounded.
Edmund hits you with a +3 dire flail of protection!
Your kobold hits Edmund with a +0 dagger.
Edmund hits you with a +3 dire flail of protection!
* * * LOW HITPOINT WARNING * * *
Okay, then.
It was a potion of attraction.
You feel attractive to monsters.
Your kobold completely misses Edmund.
Edmund hits you with a +3 dire flail of protection.
* * * LOW HITPOINT WARNING * * *
It was a potion of curing.
You feel better.
Your kobold completely misses Edmund.
Edmund hits you with a +3 dire flail of protection!
* * * LOW HITPOINT WARNING * * *
It was a potion of cancellation.
Your magical effects are unravelling.
You feel magically purged.
Your kobold hits Edmund but does no damage.
Edmund hits you with a +3 dire flail of protection!
You die...

... .. #.# ##..
...### #### #.#.##
##..##
#K@..####....##
#.@.....'.....##
#....####......####
###.## ##.†.....##
#.# ##.....### ...
##.<.## # ##.##
##'## # #.# #.# #
#.# #.### #.# #
......#.#####


You could see Edmund (ally target) and a friendly kobold (summoned).

Vanquished Creatures
  Natasha (twice) (D:3)
  3 adders (D:2)
  2 worms (D:4)
  2 orcs
  3 bats
  2 endoplasms
  3 giant cockroaches
  9 goblins
  8 hobgoblins
  8 jackals
  4 kobolds
  2 quokkas (D:2)
  5 ball pythons
  2 frilled lizards (D:2)
  3 rats
58 creatures vanquished.

Notes
Turn   | Place    | Note
-------+----------+-------------------------------------------
     0 | D:1      | enile the Formicid Fighter began the quest for the Orb.
     0 | D:1      | Reached XP level 1. HP: 18/18 MP: 1/1
     2 | D:1      | Found a runed translucent door.
     8 | D:1      | Noticed a jelly
     9 | D:1      | Noticed a jelly
    83 | D:1      | Found a faded altar of an unknown god.
    90 | D:1      | Reached XP level 2. HP: 25/25 MP: 2/2
    97 | D:1      | Prayed at the altar of an unknown god.
    97 | D:1      | Became a worshipper of Cheibriados the Contemplative
    97 | D:1      | Reached * piety under Cheibriados
   111 | D:1      | Reached skill level 4 in Fighting
   446 | D:1      | Reached XP level 3. HP: 21/31 MP: 3/3
   792 | D:2      | Found a burning altar of Makhleb.
  1027 | D:2      | Reached ** piety under Cheibriados
  1409 | D:2      | Reached skill level 5 in Fighting
  1474 | D:2      | Reached XP level 4. HP: 39/39 MP: 4/4
  1798 | D:3      | Noticed Natasha
  1802 | D:3      | Killed Natasha
  1803 | D:3      | Reached XP level 5. HP: 43/46 MP: 5/5
  1841 | D:3      | Found a sacrificial altar of Ru.
  2324 | D:3      | Noticed Natasha
  2333 | D:3      | Killed Natasha
  2334 | D:3      | Reached skill level 6 in Fighting
  2334 | D:3      | Reached skill level 1 in Invocations
  2674 | D:4      | Found a staircase to the Ecumenical Temple.
  2772 | D:4      | Noticed Edmund
  2789 | D:4      | Slain by Edmund

Illustrated notes

Levels and vault maps discovered:
D:1:      dpeg_arrival_caged_fury, layout_rooms, basic_ecumenical_altar
D:2:      layout_basic, basic_altar
D:3:      layout_loops_ring, nicolae_ru_awakened_eye, uniq_natasha
D:4:      layout_loops_corners, temple_fountains, gup_sewer_entry_glass,
          kennysheep_nondescript, kennysheep_donut, skrybe_limestone_x,
          kennysheep_opposing_triangles, uniq_edmund

Skill      XL: |  1  2  3  4  5 |
---------------+----------------+-----
Fighting       | 4 5 6 |  6.0
Invocations    | 2 |  2.1
Staves         | |  2.0
Armour         | |  3.2
Shields        | |  3.6

Action                   |  1- 3 |  4- 6 || total
-------------------------+-------+-------++-------
Melee: Quarterstaff      |    91 |    74 ||   165
Throw: Boomerang         |       |     2 ||     2
  Use: Scroll            |     1 |     1 ||     2
       Potion            |       |     3 ||     3
Armor: Scale mail        |    40 |    22 ||    62
Dodge: Dodged            |    36 |    26 ||    62
Block: Buckler           |    21 |    22 ||    43

Table legend: (Time is in decaauts)
 A = Elapsed time spent in this place.
 B = Non-inter-level travel time spent in this place.
 C = Inter-level travel time spent in this place.
 D = Time resting spent in this place.
 E = Time spent auto-exploring this place.
 F = Levels seen in this place.
 G = Mean time per level.
                   A        B        C        D        E       F      G
               +--------+--------+--------+--------+--------+-----+--------+
         Total |   3625 |   3578 |     47 |      0 |   2896 |   4 |  906.2 |
       Dungeon |   3625 |   3578 |     47 |      0 |   2896 |   4 |  906.2 |
               +--------+--------+--------+--------+--------+-----+--------+

Top non-repeatable levels by time:
     D:2: 1254 daAuts
     D:3: 1200 daAuts
     D:1: 914 daAuts
     D:4: 255 daAuts
